 Dungeon Crawl Stone Soup version 0.25.1-8-g42b30a86e7 (webtiles) character file.

Game seed: 1264965870072345260

1230 pokeman the Thaumaturge (level 8, -6/44 HPs)
             Began as a Deep Elf Wizard on Dec 20, 2020.
             Was a Believer of Vehumet.
             Killed by divine providence
             ... invoked by an orc priest
              (13 damage)
             ... on level 8 of the Dungeon.
             The game lasted 00:11:10 (6382 turns).

pokeman the Thaumaturge (Deep Elf Wizard)           Turns: 6382, Time: 00:11:10

Health: -6/44      AC:  5    Str:  4    XL:     8   Next: 24%
Magic:  9/23       EV: 12    Int: 26    God:    Vehumet [**....]
Gold:   353        SH:  0    Dex: 13    Spells: 13/25 levels left

rFire    . . .     SeeInvis .   n - +2 dagger (elec)
rCold    . . .     Gourm    .   (no shield)
rNeg     . . .     Faith    .   r - +0 leather armour
rPois    .         Spirit   .   b - +0 hat
rElec    .         Reflect  .   t - +0 cloak
rCorr    .         Harm     .   l - +0 pair of gloves (curse)
MR       .....                  (no boots)
Stlth    ++........             (no amulet)
HPRegen  0.14/turn              (no ring)
MPRegen  0.18/turn              (no ring)

@: no status effects
A: no striking features
a: Renounce Religion


You were on level 8 of the Dungeon.
You worshipped Vehumet.
Vehumet was pleased with you.
You were hungry.

You visited 1 branch of the dungeon, and saw 8 of its levels.

You collected 353 gold pieces.

Inventory:

Hand Weapons
 n - a +2 dagger of electrocution (weapon)
 D - a +0 shortbow
Missiles
 c - 65 bolts
 g - 91 arrows
 i - 12 curare-tipped darts (quivered)
Armour
 b - a +0 hat (worn)
 l - a cursed +0 pair of gloves (worn)
 r - a +0 leather armour (worn)
 t - a +0 cloak (worn)
Wands
 p - a wand of paralysis (6)
 u - a wand of digging (3)
Scrolls
 e - a scroll of teleportation {unknown}
 f - a scroll of enchant weapon {unknown}
 h - a scroll of fear {unknown}
 j - 6 scrolls of remove curse {unknown}
 o - 4 scrolls of enchant armour {unknown}
 s - 3 scrolls of identify {unknown}
 v - 2 scrolls of fog {unknown}
 y - 4 scrolls of magic mapping {unknown}
 B - 4 scrolls of random uselessness {unknown}
Potions
 a - a potion of brilliance {unknown}
 k - 2 potions of lignification {unknown}
 m - 2 potions of heal wounds {unknown}
 q - a potion of resistance {unknown}
 w - a potion of haste
 x - a potion of curing
 z - 2 potions of invisibility {unknown}
 A - a potion of mutation {unknown}
Comestibles
 d - 6 rations


   Skills:
 - Level 2.0 Fighting
 + Level 2.1 Armour
 - Level 3.0 Dodging
 - Level 3.0 Stealth
 * Level 9.3 Spellcasting
 + Level 4.7 Conjurations
 - Level 1.1 Summonings
 - Level 1.1 Translocations
 + Level 3.6 Fire Magic
 - Level 1.1 Air Magic
 - Level 1.0 Poison Magic
 - Level 1.0 Evocations


You had 13 spell levels left.
You knew the following spells:

 Your Spells              Type           Power        Failure   Level  Hunger
a - Magic Dart            Conj           ####         1%          1    None
b - Mephitic Cloud        Conj/Pois/Air  ###.....     10%         3    None
c - Call Imp              Summ           ###.....     9%          2    None
d - Blink                 Tloc           N/A          9%          2    None
e - Conjure Flame         Conj/Fire      ####....     4%          3    None
f - Shock                 Conj/Air       ####         2%          1    None

Your spell library contained the following spells:

 Spells                   Type           Power        Failure   Level  Hunger
 Slow                     Hex            ##......     13%         2    None


Dungeon Overview and Level Annotations

Branches:
Dungeon (8/15)
 Temple: D:4-7         Lair: D:8-11

Altars:
Ashenzari
Fedhas
Kikubaaqudgha
Qazlal
Trog
Vehumet
Wu Jian

Shops:
D:4 :   D:5 *


Message History

Unknown command.
Casting: Mephitic Cloud (dangerous; 10% risk of failure)
Confirm with . or Enter, or press ? or * to list all spells.
You blink.
The shadow imp hits you.
The orc priest casts a cantrip, but nothing happens.
The shadow imp barely misses you.
Casting: Blink (safe; 9% risk of failure)
Confirm with . or Enter, or press ? or * to list all spells.
You blink.
The orc priest closely misses you.
The orc priest mumbles some strange prayers to Beogh against you.
Pain shoots through your body!
* * * LOW HITPOINT WARNING * * *
The orc priest hits you but does no damage.
The shadow imp shouts, "Embrace submission, thou currish fob-snatching erk!"
Casting: Blink (safe; 9% risk of failure)
Confirm with . or Enter, or press ? or * to list all spells.
A beastly little devil appears in a puff of frigid air.
The orc priest mumbles some strange prayers to Beogh against you.
Beogh smites you!
You die...

#.......#
#.......# ..
#.......#
...$#.......#
............#
....###..####
## ####..#
#.#.....#
#.#.###@#
#.?..55.#
###.Yo#.#
#<..#.#
#...#.#
#...### #####


You could see an ice beast, an orc priest, a shadow imp and a friendly white imp
(summoned).

Vanquished Creatures
  An ice beast (D:5)
  A centaur (D:5)
  2 ogres
  2 bullfrogs (D:6)
  A bullfrog zombie (D:6)
  A centaur zombie (D:6)
  A centaur skeleton (D:2)
  4 orc priests (D:4)
  2 hounds
  A jelly (D:6)
  5 orc wizards (D:4)
  Ijyb (D:3)
  Jessica (D:3)
  A worker ant (D:4)
  9 gnolls
  4 adders
  An ooze (D:3)
  3 worms (D:2)
  A dart slug (D:3)
  A leopard gecko (D:2)
  15 orcs
  9 giant cockroaches
  9 hobgoblins
  9 jackals
  9 kobolds
  5 quokkas
  3 ball pythons
  5 bats
  6 frilled lizards
  4 goblins
  8 rats
125 creatures vanquished.

Notes
Turn   | Place    | Note
-------+----------+-------------------------------------------
     0 | D:1      | pokeman the Deep Elf Wizard began the quest for the Orb.
     0 | D:1      | Reached XP level 1. HP: 10/10 MP: 7/7
   198 | D:1      | Reached XP level 2. HP: 16/16 MP: 5/9
   867 | D:2      | Found a blossoming altar of Fedhas.
   886 | D:2      | Reached skill level 5 in Spellcasting
   962 | D:2      | Reached XP level 3. HP: 15/20 MP: 5/11
   967 | D:2      | Learned a level 3 spell: Mephitic Cloud
   970 | D:2      | Learned a level 2 spell: Call Imp
   973 | D:2      | Learned a level 2 spell: Blink
   977 | D:2      | Learned a level 3 spell: Conjure Flame
  1009 | D:2      | Reached skill level 1 in Fighting
  1009 | D:2      | Reached skill level 1 in Armour
  1254 | D:2      | Reached XP level 4. HP: 25/25 MP: 8/13
  1483 | D:2      | Found an ancient bone altar of Kikubaaqudgha.
  1564 | D:2      | Found a faded altar of an unknown god.
  1781 | D:2      | Found a shattered altar of Ashenzari.
  2476 | D:3      | Reached skill level 1 in Poison Magic
  2485 | D:3      | Found a radiant altar of Vehumet.
  2485 | D:3      | Found an ornate altar of the Wu Jian Council.
  2518 | D:3      | Became a worshipper of Vehumet
  2744 | D:3      | Found a bloodstained altar of Trog.
  2763 | D:3      | Noticed Ijyb
  2780 | D:3      | Reached skill level 6 in Spellcasting
  2788 | D:3      | Killed Ijyb
  2788 | D:3      | Reached XP level 5. HP: 21/29 MP: 4/15
  2966 | D:3      | Noticed Jessica
  2971 | D:3      | Killed Jessica
  3582 | D:4      | Reached skill level 1 in Air Magic
  3802 | D:4      | Reached XP level 6. HP: 30/34 MP: 8/17
  3824 | D:4      | Reached skill level 1 in Fire Magic
  4039 | D:4      | Reached skill level 7 in Spellcasting
  4104 | D:4      | Reached * piety under Vehumet
  4104 | D:4      | Offered knowledge of Shock by Vehumet.
  4184 | D:4      | Learned a level 1 spell: Shock
  4203 | D:4      | Reached skill level 1 in Evocations
  4407 | D:4      | Reached XP level 7. HP: 25/38 MP: 13/20
  4807 | D:4      | Found Lynosk's Book Emporium.
  4927 | D:5      | Entered Level 5 of the Dungeon
  5130 | D:5      | Found Tion's Lightly-Used Armoury.
  5192 | D:5      | Found a stormy altar of Qazlal.
  5193 | D:5      | Noticed a water elemental
  5194 | D:5      | Noticed an air elemental
  5194 | D:5      | Noticed a fire elemental
  5279 | D:5      | Reached skill level 8 in Spellcasting
  6061 | D:6      | Reached XP level 8. HP: 41/44 MP: 8/22
  6068 | D:6      | Reached skill level 9 in Spellcasting
  6338 | D:6      | You fall into a shaft and drop 2 floors!
  6365 | D:7      | Reached ** piety under Vehumet
  6382 | D:8      | Killed from afar by an orc priest

Illustrated notes

Levels and vault maps discovered:
D:1:      shiori_arrival_maze, layout_rooms
D:2:      layout_loops_ring, kiku_gazebo_garden_becter, fedhas_altar_2,
          nicolae_overflow_crystal_walls,
          chequers_ecumenical_altar_simple_redux, minmay_misc_feat_tiny
D:3:      layout_basic, old_standard_altar, gammafunk_temple_overflow_elements,
          uniq_ijyb, uniq_jessica
D:4:      layout_loops_ring, serial_shops, shop, hangedman_decor_clover_reticule
D:5:      layout_basic, nicolae_qazlal_style_of_elements, first_ration,
          minmay_shop_damaged
D:6:      layout_basic, lemuel_doored_altar, minmay_temple_entry_nine_rooms
D:7:      layout_layer_cave, gammafunk_temple_overflow_statue
D:8:      layout_basic, overflow_temple_1_default,
          nicolae_overflow_hidden_temple, uniq_psyche, uniq_grum, uniq_maggie

Skill      XL: |  1  2  3  4  5  6  7  8 |
---------------+-------------------------+-----
Spellcasting   | 5 6 7 8 9 |  9.3
Fighting       | 1 2 |  2.0
Armour         | 1 2 |  2.1
Conjurations   | 2 3 4 |  4.7
Poison Magic   | 1 |  1.0
Dodging        | 3 |  3.0
Air Magic      | 1 |  1.1
Stealth        | 3 |  3.0
Fire Magic     | 1 3 |  3.6
Evocations     | 1 |  1.0
Summonings     | |  1.1
Translocations | |  1.1

Action                   |  1- 3 |  4- 6 |  7- 9 || total
-------------------------+-------+-------+-------++-------
Melee: Unarmed           |     2 |       |       ||     2
       Dagger            |       |    40 |    24 ||    64
 Cast: Magic Dart        |    57 |   178 |    50 ||   285
       Conjure Flame     |     1 |       |     3 ||     4
       Mephitic Cloud    |       |     7 |     8 ||    15
       Shock             |       |       |    19 ||    19
       Blink             |       |       |     3 ||     3
       Call Imp          |       |       |     2 ||     2
 Stab: Confused          |       |     2 |       ||     2
  Eat: Chunk             |     1 |     9 |     6 ||    16
Armor: Robe              |     5 |     4 |       ||     9
       Leather armour    |       |     9 |    12 ||    21
Dodge: Dodged            |    11 |    33 |    22 ||    66
